 Dungeon Crawl Stone Soup version 0.19-a0-1922-g1e9a4c1 (webtiles) character file.

46 Zenonira the Shield-Bearer (level 3, 0/29 HPs)
             Began as a Formicid Fighter on Oct 25, 2016.
             Slain by an adder (2 damage)
             ... on level 2 of the Dungeon.
             The game lasted 00:01:25 (1092 turns).

Zenonira the Shield-Bearer (Formicid Fighter)       Turns: 1092, Time: 00:01:25

Health: 0/29       AC:  6    Str: 20    XL:     3   Next: 95%
Magic:  3/3        EV:  8    Int:  7    God:
Gold:   39         SH:  9    Dex: 11    Spells: 0 memorised, 2 levels left

rFire  . . .     SeeInvis +     a - +0 war axe
rCold  . . .     Gourm    +     b - +0 scale mail
rNeg   . . .     Faith    .     c - +0 shield
rPois  .         Spirit   .     (helmet unavailable)
rElec  .         Reflect  .     (no cloak)
rCorr  .         Harm     .     (no gloves)
MR     +....                    (no boots)
Stlth  ..........               j - amulet of the gourmand
                                (no ring)
                                m - ring of protection from magic

@: lethally poisoned (0 -> -3)
A: permanent stasis, dig shafts and tunnels, four strong arms, antennae 3
a: Dig, Shaft Self


You were on level 2 of the Dungeon.
You were not hungry.

You visited 1 branch of the dungeon, and saw 2 of its levels.

You collected 39 gold pieces.

Inventory:

Hand Weapons
 a - a +0 war axe (weapon)
Armour
 b - a +0 scale mail (worn)
 c - a +0 shield (worn)
Jewellery
 j - an amulet of the gourmand (around neck)
 m - a ring of protection from magic (left hand)
Scrolls
 e - 2 scrolls of identify {unknown}
 i - 2 scrolls of remove curse {unknown}
 l - 2 scrolls of enchant weapon {unknown}
Potions
 d - a potion of might
 g - a potion of degeneration {unknown}
 h - 2 potions of curing {unknown}
 k - a potion of lignification {unknown}
 n - a potion of haste {unknown}
Comestibles
 f - 4 bread rations


   Skills:
 - Level 3.2 Fighting
 + Level 3.0 Axes
 - Level 3.2 Armour
 + Level 4.7 Shields


You had 2 spell levels left.
You didn't know any spells.

Dungeon Overview and Level Annotations

Branches:
Dungeon (2/15)

Altars:
Trog


Innate Abilities, Weirdness & Mutations

You are under a permanent stasis effect.
You can dig through walls and to a lower floor.
Your four strong arms can wield two-handed weapons with a shield.
You have a pair of large antennae on your head. (SInv)


Message History

You miss the adder.
The adder is almost dead.
You feel sick. The adder bites you but does no damage. The adder bites you.
* * * LOW HITPOINT WARNING * * *
You closely miss the adder.
The adder is almost dead.
The adder bites you but does no damage. You block the adder's attack.
You barely miss the adder.
The adder is almost dead.
You feel sick. The adder bites you but does no damage.
Your shield and scale mail prevent you from hitting the adder.
The adder is almost dead.
The adder bites you.
* * * LOW HITPOINT WARNING * * *
You block the adder's attack.
You closely miss the adder.
The adder is almost dead.
* * * LOW HITPOINT WARNING * * *
You feel sick. The adder bites you.
You die...

#(.......# #.#
#####....# #.# #....#
#.# #....# #.#
#....#####.###########
#....................#
#......###)#########.#
#.(....# #........(#.#
######@###.#.......#.#
#.S<#.#.#.[...#.#
############
#...............##
#...........
#...).#.#####.....
#...)...####.
#.............####
#............
#.......#####.#
#.().....###.
#...#...#####.#
#............
#.#.#.........#
(.......######
#.#.#..########


You could see an adder.

Vanquished Creatures
  An adder (D:2)
  An ooze (D:2)
  A worm (D:2)
  A dart slug (D:2)
  2 leopard geckos
  An orc (D:2)
  4 goblins
  A hobgoblin (D:2)
  2 quokkas (D:2)
  A bat (D:1)
  3 frilled lizards
  6 kobolds
  2 rats
26 creatures vanquished.

Notes
Turn   | Place    | Note
-------+----------+-------------------------------------------
     0 | D:1      | Zenonira the Formicid Fighter began the quest for the Orb.
     0 | D:1      | Reached XP level 1. HP: 18/18 MP: 1/1
   274 | D:1      | Reached skill level 4 in Shields
   274 | D:1      | Reached XP level 2. HP: 22/24 MP: 2/2
   712 | D:2      | Reached XP level 3. HP: 29/29 MP: 3/3
   806 | D:2      | Found a bloodstained altar of Trog.
  1092 | D:2      | Slain by an adder

Vault maps used:
D:1:      minmay_arrival_doors
D:2:      first_bread, trog_butcher_becter

Skill      XL: |  1  2  3 |
---------------+----------+-----
Shields        | 4 |  4.7
Axes           | 3 |  3.0
Fighting       | |  3.2
Armour         | |  3.2

Action                   || total
-------------------------++-------
Melee: War axe           ||   104
  Eat: Chunk             ||     9
Armor: Scale mail        ||    34
Dodge: Dodged            ||    32
Block: Shield            ||    62
